 Dungeon Crawl Stone Soup version 0.28.0-53-g5a82cb258f (webtiles) character file.

Game seed: 11961109036190789985

224508 MiltankisOP the Bringer of Law (level 19, 0/226 HPs)
             Began as a Gnoll Wanderer on July 8, 2022.
             Was the Champion of Zin.
             Slain by a jumping spider (6 damage)
             ... on level 4 of the Spider Nest.
             The game lasted 04:05:29 (42867 turns).

MiltankisOP the Bringer of Law (Gnoll Wanderer)    Turns: 42867, Time: 04:05:30

Health: 0/226      AC: 24    Str: 25    XL:     19   Next: 30%
Magic:  19/36      EV: 17    Int: 24    God:    Zin [******]
Gold:   3414       SH:  0    Dex:  6    Spells: 23/45 levels left

rFire   + + +      SeeInvis +   e - +12 glaive "Hydraslayer" {vorpal, *Corrode Drain rF+++ rN+++ Str+2}
rCold   + . .      Faith    .   (shield currently unavailable)
rNeg    + + +      Spirit   .   k - +3 ring mail of a bailey {rElec rC+ Str-3 Int+4}
rPois   +          Reflect  .   N - +2 helmet {Int+3}
rElec   +          Harm     .   Y - +0 cloak
rCorr   .          Rampage  ∞   z - +2 pair of gloves
Will    +....                   L - +3 pair of seven-league boots {Rampage+∞}
Stlth   ..........              m - amulet of regeneration
HPRegen 1.27/turn               w - ring of Coronation {rPois rF+ EV+4 Str+5 Dex-3}
MPRegen 0.25/turn               s - ring "Wuug" {Str+4 SInv}

@: berserking, very quick
A: fangs 1, strong nose, distributed training
}: 1/15 runes: barnacled
a: Renounce Religion, Recite, Vitalisation, Imprison, Sanctuary, Donate Gold


You were on level 4 of the Spider Nest.
You worshipped Zin.
Zin was exalted by your worship.
You visited 6 branches of the dungeon, and saw 32 of its levels.
You also visited: Gauntlet and Ice Cave.

You collected 4507 gold pieces.
You spent 901 gold pieces at shops.
You donated 192 gold pieces to Zin.

Inventory:

Hand Weapons
 e - the +12 glaive "Hydraslayer" (weapon) {vorpal, *Corrode Drain rF+++ rN+++ Str+2}
   (You bought it in a shop on level 2 of the Orcish Mines)

   It inflicts extra damage upon your enemies.
   Str:       It affects your strength (+2).
   rF:        It renders you almost immune to fire.
   rN:        It renders you almost immune to negative energy.
   *Corrode:  It may corrode you when you take damage.
   Drain:     It drains your maximum health when unequipped.
 M - the +4 scimitar of Tuff {spect, rElec rF+ Str-5 Int+4}
   (You took it off a centaur warrior on level 15 of the Dungeon)

   When its wielder attacks, the weapon's spirit leaps out and strikes again.
   The spirit shares a part of any damage it takes with its wielder.
   Str:       It affects your strength (-5).
   Int:       It affects your intelligence (+4).
   rF:        It protects you from fire.
   rElec:     It insulates you from electricity.
 T - the +4 hunting sling "Xeosoe" {vorpal, Str+5}
   (You bought it in a shop on level 2 of the Orcish Mines)

   Any ammunition fired from it inflicts extra damage upon your enemies.
   Str:       It affects your strength (+5).
Missiles
 A - 14 throwing nets
 P - 4 boomerangs of dispersal
 U - 8 silver javelins (quivered)
 W - 10 javelins
 Z - 323 sling bullets
Armour
 g - +0 acid dragon scales
 k - the +3 ring mail of a bailey (worn) {rElec rC+ Str-3 Int+4}
   (You found it on level 5 of the Dungeon)

   Str:       It affects your strength (-3).
   Int:       It affects your intelligence (+4).
   rC:        It protects you from cold.
   rElec:     It insulates you from electricity.
 z - a +2 pair of gloves (worn)
 C - a +1 kite shield of cold resistance
 L - the +3 pair of seven-league boots (worn) {Rampage+∞}
   (You found it on level 4 of the Lair of Beasts)

   Its wearer moves as far as possible in that direction when moving towards
   enemies.
 N - a +2 helmet of intelligence (worn)
 Q - a +3 scale mail of poison resistance
 Y - a +0 cloak (worn)
Jewellery
 m - an amulet of regeneration (around neck)
 s - the ring "Wuug" (right hand) {Str+4 SInv}
   (You found it in a Gauntlet)

   [ring of see invisible]

   Str:       It affects your strength (+4).
   SInv:      It lets you see invisible.
 w - the ring of Coronation (left hand) {rPois rF+ EV+4 Str+5 Dex-3}
   (You acquired it on level 9 of the Dungeon)

   [ring of evasion]

   EV:        It affects your evasion (+4).
   Str:       It affects your strength (+5).
   Dex:       It affects your dexterity (-3).
   rF:        It protects you from fire.
   rPois:     It protects you from poison.
 R - a ring of willpower
Wands
 o - a wand of charming (2)
 t - a wand of flame (27)
 x - a wand of iceblast (21)
 B - a wand of digging (6)
 G - a wand of paralysis (8)
Scrolls
 c - 5 scrolls of vulnerability
 d - 3 scrolls of blinking
 j - 9 scrolls of teleportation
 n - 6 scrolls of amnesia
 y - 5 scrolls of enchant weapon
 E - 3 scrolls of brand weapon
 H - a scroll of silence
 I - 3 scrolls of magic mapping
 J - 2 scrolls of enchant armour
 K - 6 scrolls of fog
 O - 6 scrolls of identify
 X - 4 scrolls of immolation
Potions
 b - 2 potions of magic
 h - 6 potions of ambrosia
 i - 3 potions of invisibility
 l - 5 potions of brilliance
 p - 8 potions of curing
 r - a potion of heal wounds
 u - 2 potions of resistance
 D - a potion of lignification
 F - 3 potions of mutation
 S - 2 potions of flight
 V - a potion of cancellation
Miscellaneous
 q - a lightning rod (3/4)
 v - a phial of floods


   Skills:
 + Level 13.7 Fighting
 + Level 13.0 Short Blades
 + Level 13.0 Long Blades
 + Level 13.2 Axes
 + Level 13.0 Maces & Flails
 + Level 13.0 Polearms
 + Level 13.0 Staves
 + Level 13.0 Slings
 + Level 13.0 Bows
 + Level 13.0 Crossbows
 + Level 13.0 Throwing
 + Level 13.0 Armour
 + Level 13.2 Dodging
 + Level 13.0 Stealth
 + Level 13.0 Shields
 + Level 13.0 Unarmed Combat
 + Level 13.8 Spellcasting
 + Level 11.0 Conjurations
 + Level 11.0 Hexes
 + Level 11.0 Summonings
 + Level 11.0 Necromancy
 + Level 11.0 Translocations
 + Level 11.0 Transmutations
 + Level 11.0 Fire Magic
 + Level 11.0 Ice Magic
 + Level 11.0 Air Magic
 + Level 11.0 Earth Magic
 + Level 13.0 Poison Magic
 + Level 14.1 Invocations
 + Level 13.0 Evocations


You had 23 spell levels left.
You knew the following spells:

 Your Spells              Type           Power      Damage    Failure   Level
a - Sting                 Tmut/Pois      100%       1d8       1%          1
b - Poisonous Vapours     Pois/Air       100%       N/A       1%          2
c - Ignite Poison         Fire/Tmut/Pois 64%        N/A       1%          3
d - Swiftness             Air            62%        N/A       1%          3
e - Olgreb's Toxic Radia  Pois           68%        N/A       1%          4
f - Flame Wave            Conj/Fire      62%        2d12      1%          4
g - Summon Mana Viper     Hex/Summ       62%        N/A       1%          5

Your spell library contained the following spells:

 Spells                   Type           Power      Damage    Failure   Level
 Foxfire                  Conj/Fire      100%       2x1d9     1%          1
 Slow                     Hex            100%       N/A       1%          1
 Blink                    Tloc           100%       N/A       1%          2
 Corpse Rot               Necr/Air       100%       N/A       1%          2
 Ensorcelled Hibernation  Hex/Ice        100%       N/A       1%          2
 Passwall                 Tmut/Erth      51%        N/A       1%          2
 Confusing Touch          Hex            62%        N/A       1%          3
 Conjure Flame            Conj/Fire      62%        6-21      1%          3
 Dazzling Flash           Conj/Hex       100%       N/A       1%          3
 Inner Flame              Hex/Fire       62%        N/A       1%          3
 Vampiric Draining        Necr           62%        2d10      1%          3
 Dispel Undead            Necr           62%        3d22      1%          4
 Fulminant Prism          Conj/Hex       31%        3d16      1%          4
 Iskenderun's Mystic Bla  Conj/Tloc      62%        2d13      1%          4
 Petrify                  Tmut/Erth      62%        N/A       1%          4
 Agony                    Necr           62%        N/A       1%          5
 Lee's Rapid Deconstruct  Erth           31%        3d17*     1%          5
 Manifold Assault         Tloc           62%        N/A       1%          5
 Metabolic Englaciation   Hex/Ice        31%        N/A       1%          5
 Silence                  Hex/Air        31%        N/A       1%          5
 Summon Forest            Summ/Tloc      31%        N/A       1%          5
 Yara's Violent Unravell  Hex/Tmut       31%        3d13      1%          5
 Death Channel            Necr           31%        N/A       8%          6
 Statue Form              Tmut/Erth      41%        N/A       8%          6
 Summon Cactus Giant      Summ           31%        N/A       8%          6
 Enfeeble                 Hex            31%        N/A       41%         7
 Storm Form               Tmut/Air       31%        N/A       41%         7


Dungeon Overview and Level Annotations

Branches:
Dungeon (15/15)            Temple (1/1) D:4            Lair (6/6) D:11
 Shoals (4/4) Lair:3       Spider (4/4) Lair:4        Slime (0/5) Lair:5
    Orc (2/2) D:11            Elf (0/3) Orc:2        Vaults (0/5) D:13
 Depths (0/4) D:15          IceCv (visited)         Gauntlet (visited)

Altars:
Ashenzari
Cheibriados
Elyvilon
Fedhas
Gozag
Hepliaklqana
Kikubaaqudgha
Makhleb
Nemelex Xobeh
Okawaru
Sif Muna
Trog
Vehumet
Wu Jian
Zin
Beogh
Jiyva

Shops:
D:3 [   D:10 [   D:14 =   Orc:2 (=[*   Shoals:1 [

Annotations:
D:10 1 exclusion
Lair:5 1 runed translucent door, Caath's ghost, journeyman DrFi
Shoals:1 2 transporters, quokkamancerX's ghost, adept HOFi
Shoals:3 Bai Suzhen
Spider:4 Arachne


Innate Abilities, Weirdness & Mutations

You have very sharp teeth.
Your uncanny sense of smell can sniff out nearby items.
Your experience applies equally to all skills.


Message History

You swap places.
You feel sick.
Arachne stares at you and mumbles some strange words.
The poison arrow hits you!!
You are more poisoned.
You partially resist.
* * * LOW HITPOINT WARNING * * *
The jumping spider closely misses you. The jumping spider misses you.
Your redback bites Arachne!
Arachne hits you with a staff of poison!
* * * LOW HITPOINT WARNING * * *
Arachne envenoms you.
* * * LOW HITPOINT WARNING * * *
Arachne blocks your steelbarb worm's attack.
Your broodmother misses the culicivora.
The emperor scorpion stings your redback!!
Your redback dies!
Your redback's corpse dissolves into shadows!
The jumping spider completely misses you.
The jumping spider closely misses you.
You see here a redback corpse.
You feel better. Arachne hits you but does no damage. Arachne envenoms you!
* * * LOW HITPOINT WARNING * * *
The culicivora barely misses you. The jumping spider barely misses you.
The jumping spider bites you but does no damage.
Your steelbarb worm misses Arachne.
Your broodmother summons spiders!
A red film seems to cover your vision as you go berserk!
You feel yourself moving faster!
You feel mighty! Arachne hits you but does no damage. Arachne envenoms you!
Zin protects you from harm!
Arachne is healed somewhat.
The jumping spider pounces on you but does no damage.
The jumping spider completely misses you.
Arachne blocks your steelbarb worm's attack.
Your tarantella touches Arachne!
Arachne appears confused.
Arachne hits your tarantella with a staff of poison!
Arachne envenoms your tarantella!!
Your tarantella is killed!
Your tarantella's corpse dissolves into shadows!
The jumping spider closely misses you. The jumping spider bites you.
You die...

#^#.##..^...#
##..^...#..(#
### #.#..†##.###
##..
####...######
#.^ #..#†###.^#
#.# ##.......##
#.#
##..#..#####s#∆
##...s.w.s#.#
###.#@H#s..#
####sss..##
#s^#sss..#
##.......'....^°
##..s...'..^.^.
###....'..^...
##...#....#.
##.##...## #.#
....


You could see Arachne (confused, unaware, poisoned, skewered, ally target), an
emperor scorpion (ally target), a culicivora, a jumping spider, a friendly
broodmother (summoned), a friendly steelbarb worm (summoned), 2 friendly wolf
spiders, 2 friendly orb spiders and a friendly tarantella (summoned).

Vanquished Creatures
  Jorgrun (D:14)
  Mlioglotl (Shoals:2)
  Polyphemus (Shoals:4)
  A sphinx (D:15)
  A storm dragon (D:15)
  A tengu reaver (D:15)
  Ilsuiw (Shoals:2)
  A fire giant (D:15)
  An emperor scorpion (Spider:3)
  4 ghost moths
  An orc warlord (Orc:2)
  A broodmother (Spider:4)
  A white draconian (IceCv)
  3 entropy weavers
  2 spark wasps (Spider:4)
  A minotaur (Gauntlet)
  4 merfolk javelineers
  2 yaktaur captains (D:15)
  A great orb of eyes (Gauntlet)
  7 merfolk impalers
  A fire dragon (D:15)
  Fannar (D:12)
  3 merfolk avatars
  3 jorogumos (Spider:3)
  Harold (D:7)
  4 ogre magi (D:15)
  6 boulder beetles
  15 hydras
  An alligator snapping turtle (Shoals:3)
  A catoblepas (Shoals:4)
  4 radroaches
  13 centaur warriors
  4 merfolk aquamancers
  5 satyrs
  4 orc high priests (Orc:2)
  3 death yaks
  9 two-headed ogres
  2 tengu warriors (D:15)
  2 deep elf knights (D:15)
  2 fire crabs (D:15)
  13 sea snakes
  3 pharaoh ants
  A sun moth (Spider:2)
  2 skeletal warriors
  7 orb spiders
  A flayed ghost (D:15)
  4 orc knights
  5 steelbarb worms
  A wizard (D:15)
  21 harpies
  A necromancer (D:13)
  3 orc sorcerers (Orc:2)
  2 deep elf pyromancers
  27 fauns
  9 ugly things
  16 wolf spiders
  23 manticores
  10 cyclopes
  A moth of wrath (Spider:4)
  4 elephants (Lair:5)
  A centaur zombie (D:10)
  7 black mambas
  A guardian serpent (Lair:4)
  3 torpor snails
  2 ice statues (IceCv)
  13 merfolk sirens
  4 cane toads
  A gargoyle (D:10)
  8 water nymphs
  3 freezing wraiths (D:15)
  Maggie (D:6)
  3 kobold demonologists (D:11)
  12 yaktaurs
  6 rime drakes
  6 demonic crawlers
  2 tengu conjurers
  10 komodo dragons
  A harpy zombie (Shoals:4)
  11 meliai
  10 polar bears
  3 hornets (D:9)
  8 trolls
  22 tarantellas
  37 merfolk
  A wolf spider simulacrum (D:15)
  2 raiju (Lair:6)
  A raiju (shapeshifter) (D:15)
  3 wind drakes
  5 snapping turtles
  15 blink frogs
  14 slime creatures
  11 dream sheep
  A jumping spider (shapeshifter) (D:15)
  8 flying skulls (Gauntlet)
  33 jumping spiders
  A spriggan (shapeshifter) (D:15)
  9 water elementals
  2 wyverns
  A centaur simulacrum (D:14)
  3 wraiths
  21 culicivoras
  2 fire elementals (D:15)
  A shadow (D:13)
  Eustachio (D:5)
  33 yaks
  7 basilisks
  A death yak simulacrum (Orc:2)
  2 vampire mosquitoes (D:12)
  39 redbacks
  5 wargs
  13 water moccasins
  2 acid dragons
  16 hell hounds
  26 orc warriors
  An ice beast (D:6)
  12 black bears
  2 necrophages
  8 ogres
  2 boggarts (D:15)
  A manticore zombie (Shoals:4)
  28 wolves
  2 phantoms
  20 centaurs
  13 kobold brigands
  Blork the orc (D:5)
  9 bullfrogs
  2 gnoll sergeants (D:11)
  2 scorpions
  2 wyvern zombies (D:5)
  A scorpion (shapeshifter) (D:15)
  2 water moccasin zombies
  A cane toad simulacrum (Orc:2)
  8 killer bees
  3 lindwurm simulacra (IceCv)
  2 oklob saplings (D:9)
  13 wights
  An electric eel (Lair:1)
  4 howler monkeys
  2 bullfrog zombies
  A jelly (D:5)
  12 komodo dragon simulacra (IceCv)
  A centaur skeleton (D:7)
  5 hounds
  18 orc priests
  21 orc wizards
  3 spriggan simulacra (Orc:2)
  2 polar bear simulacra (Orc:2)
  2 killer bee zombies
  A howler monkey zombie (D:5)
  10 adders
  4 gnolls (D:11)
  A naga simulacrum (Orc:2)
  5 acid dragon simulacra (IceCv)
  An ufetubus (D:5)
  A steam dragon simulacrum (IceCv)
  A worm (D:5)
  2 dart slugs (D:2)
  60 orcs
  9 bats
  3 endoplasms
  4 giant cockroaches
  6 goblins
  6 hobgoblins
  7 jackals
  3 quokkas
  8 ball pythons
  5 frilled lizards
  26 kobolds
  3 rats
  9 bushes
1110 creatures vanquished.

Vanquished Creatures (collateral kills)
  Gastronok (D:10)
  An emperor scorpion (shapeshifter) (D:15)
  Azrael (D:15)
  A wolf spider (Spider:4)
  A water elemental (Shoals:4)
  A hell hound (D:15)
  A manticore zombie (Shoals:4)
  An adder (D:4)
8 creatures vanquished.

Vanquished Creatures (others)
  A fire giant (D:15)
  A harpy zombie (Shoals:4)
  Sigmund (D:4)
  A vampire mosquito (D:15)
  A basilisk (D:15)
  6 bushes
  17 fungi
  262 plants
  9 tentacles (Shoals:1)
299 creatures vanquished.

Grand Total: 1417 creatures vanquished

Notes
Turn   | Place    | Note
-------+----------+-------------------------------------------
     0 | D:1      | MiltankisOP the Gnoll Wanderer began the quest for the Orb.
     0 | D:1      | MiltankisOP set off with the following items: a +1 hand
                  | axe, a +0 robe; and the following spell memorised: Sting;
                  | and the following spells available to memorise: Poisonous
                  | Vapours, Ignite Poison
     0 | D:1      | Reached XP level 1. HP: 20/20 MP: 6/6
   340 | D:1      | Reached XP level 2. HP: 26/26 MP: 5/7
   653 | D:1      | Found a faded altar of an unknown god.
   795 | D:1      | Prayed at the altar of an unknown god.
   795 | D:1      | Became a worshipper of Zin the Law-Giver
   795 | D:1      | Reached * piety under Zin
   878 | D:1      | Reached XP level 3. HP: 31/31 MP: 7/9
  1006 | D:1      | Reached skill level 5 in Spellcasting
  1597 | D:2      | Reached skill level 1 in Invocations
  2118 | D:2      | Reached skill level 1 in Short Blades
  2118 | D:2      | Reached skill level 1 in Long Blades
  2118 | D:2      | Reached skill level 1 in Maces & Flails
  2118 | D:2      | Reached skill level 1 in Polearms
  2118 | D:2      | Reached skill level 1 in Staves
  2118 | D:2      | Reached skill level 1 in Slings
  2118 | D:2      | Reached skill level 1 in Bows
  2118 | D:2      | Reached skill level 1 in Crossbows
  2118 | D:2      | Reached skill level 1 in Throwing
  2118 | D:2      | Reached skill level 1 in Armour
  2118 | D:2      | Reached skill level 1 in Stealth
  2118 | D:2      | Reached skill level 1 in Shields
  2118 | D:2      | Reached skill level 1 in Unarmed Combat
  2118 | D:2      | Reached skill level 1 in Evocations
  2381 | D:3      | Reached skill level 1 in Conjurations
  2381 | D:3      | Reached skill level 1 in Hexes
  2381 | D:3      | Reached skill level 1 in Summonings
  2381 | D:3      | Reached skill level 1 in Necromancy
  2381 | D:3      | Reached skill level 1 in Translocations
  2381 | D:3      | Reached skill level 1 in Transmutations
  2381 | D:3      | Reached skill level 1 in Fire Magic
  2381 | D:3      | Reached skill level 1 in Ice Magic
  2381 | D:3      | Reached skill level 1 in Air Magic
  2381 | D:3      | Reached skill level 1 in Earth Magic
  2381 | D:3      | Reached XP level 4. HP: 38/38 MP: 11/11
  2565 | D:3      | Reached XP level 5. HP: 39/43 MP: 7/12
  2727 | D:3      | Reached ** piety under Zin
  2785 | D:3      | Found Ucossir's Armour Shop.
  2795 | D:3      | Bought a +0 helmet for 49 gold pieces
  3192 | D:4      | Found a staircase to the Ecumenical Temple.
  3199 | D:4      | Noticed Sigmund
  3214 | D:4      | Learned a level 2 spell: Poisonous Vapours
  3215 | Temple   | Entered the Ecumenical Temple
  3242 | D:4      | Your ally Sigmund died
  3255 | D:4      | Reached skill level 2 in Invocations
  3255 | D:4      | Reached XP level 6. HP: 34/50 MP: 2/13
  3623 | D:4      | Reached skill level 5 in Fighting
  3686 | D:4      | Reached *** piety under Zin
  3844 | D:5      | Entered Level 5 of the Dungeon
  3848 | D:5      | Found a snail-covered altar of Cheibriados.
  3850 | D:5      | Found a shimmering blue altar of Sif Muna.
  3890 | D:5      | Found a white marble altar of Elyvilon.
  3908 | D:5      | Reached XP level 7. HP: 56/56 MP: 12/15
  4053 | D:5      | Found a broken altar of Ashenzari.
  4410 | D:5      | Zin protects you from harm!
  4411 | D:5      | HP: 1/56 [wyvern zombie (9)]
  4562 | D:5      | Reached skill level 3 in Invocations
  4588 | D:5      | Found a sparkling altar of Nemelex Xobeh.
  4589 | D:5      | Found an opulent altar of Gozag.
  4628 | D:5      | Identified the +3 ring mail of a bailey {rElec rC+ Str-3
                  | Int+4}
  4699 | D:5      | Noticed Eustachio
  4708 | D:5      | Killed Eustachio
  4709 | D:5      | Reached XP level 8. HP: 63/63 MP: 10/16
  4853 | D:5      | Noticed Blork the orc
  4869 | D:5      | Killed Blork the orc
  5673 | D:6      | Reached **** piety under Zin
  5768 | D:6      | Noticed Maggie
  5782 | D:6      | HP: 2/64 [Maggie/bolt of fire (21)]
  5782 | D:6      | Zin protects you from harm!
  5783 | D:6      | Zin protects you from harm!
  5796 | D:6      | Killed Maggie
  5797 | D:6      | Reached skill level 4 in Invocations
  5797 | D:6      | Reached XP level 9. HP: 16/69 MP: 4/18
  6001 | D:6      | Found a bloodstained altar of Trog.
  6411 | D:7      | Learned a level 3 spell: Ignite Poison
  6500 | D:7      | Noticed Harold
  6506 | D:7      | Killed Harold
  6507 | D:7      | Reached skill level 5 in Axes
  6507 | D:7      | Reached skill level 5 in Dodging
  6940 | D:7      | Reached skill level 5 in Invocations
  7644 | D:8      | Reached XP level 10. HP: 77/77 MP: 11/20
  8102 | D:8      | Reached skill level 5 in Short Blades
  8102 | D:8      | Reached skill level 5 in Long Blades
  8102 | D:8      | Reached skill level 5 in Maces & Flails
  8102 | D:8      | Reached skill level 5 in Polearms
  8102 | D:8      | Reached skill level 5 in Staves
  8102 | D:8      | Reached skill level 5 in Slings
  8102 | D:8      | Reached skill level 5 in Bows
  8102 | D:8      | Reached skill level 5 in Crossbows
  8102 | D:8      | Reached skill level 5 in Throwing
  8102 | D:8      | Reached skill level 5 in Armour
  8102 | D:8      | Reached skill level 5 in Stealth
  8102 | D:8      | Reached skill level 5 in Shields
  8102 | D:8      | Reached skill level 5 in Unarmed Combat
  8102 | D:8      | Reached skill level 5 in Evocations
  8216 | D:8      | Reached ***** piety under Zin
  9328 | D:9      | Reached skill level 6 in Invocations
  9937 | D:10     | Entered Level 10 of the Dungeon
  9942 | D:10     | Noticed a gargoyle
  9950 | D:10     | Noticed a skeletal warrior
  9964 | D:10     | Killed a gargoyle
 10106 | D:10     | Reached XP level 11. HP: 72/84 MP: 18/22
 10161 | D:10     | You fall into a shaft and drop 2 floors!
 10220 | D:12     | Noticed a manticore
 10224 | D:12     | Killed a manticore
 10456 | D:12     | Reached skill level 5 in Conjurations
 10456 | D:12     | Reached skill level 5 in Hexes
 10456 | D:12     | Reached skill level 5 in Summonings
 10456 | D:12     | Reached skill level 5 in Necromancy
 10456 | D:12     | Reached skill level 5 in Translocations
 10456 | D:12     | Reached skill level 5 in Transmutations
 10456 | D:12     | Reached skill level 5 in Fire Magic
 10456 | D:12     | Reached skill level 5 in Ice Magic
 10456 | D:12     | Reached skill level 5 in Air Magic
 10456 | D:12     | Reached skill level 5 in Earth Magic
 10602 | D:12     | Noticed Fannar
 10610 | D:12     | Killed Fannar
 10877 | D:12     | Noticed a manticore
 10882 | D:12     | Killed a manticore
 11325 | D:12     | Reached skill level 7 in Invocations
 11510 | D:12     | Noticed a deep elf pyromancer
 11513 | D:12     | Killed a deep elf pyromancer
 11623 | D:11     | Noticed a manticore
 11628 | D:11     | Killed a manticore
 11698 | D:11     | Noticed a two-headed ogre
 11701 | D:11     | Killed a two-headed ogre
 11860 | D:11     | Found a staircase to the Lair.
 12006 | D:11     | Noticed a two-headed ogre
 12013 | D:11     | Killed a two-headed ogre
 12044 | D:11     | Reached XP level 12. HP: 71/94 MP: 2/24
 12393 | D:11     | Found a staircase to the Orcish Mines.
 12883 | D:10     | Noticed a two-headed ogre
 12888 | D:10     | Killed a two-headed ogre
 13181 | D:10     | Found Bahow's Armour Emporium.
 13207 | D:10     | Bought a +3 scale mail of poison resistance for 276 gold
                  | pieces
 13272 | Lair:1   | Entered Level 1 of the Lair of Beasts
 13272 | Lair:1   | Noticed a four-headed hydra
 13276 | Lair:1   | Reached skill level 8 in Invocations
 13285 | D:11     | Killed a four-headed hydra
 13424 | Lair:1   | Noticed a seven-headed hydra
 13438 | Lair:1   | Killed a seven-headed hydra
 13836 | Lair:1   | Reached ****** piety under Zin
 13852 | Lair:1   | Noticed a four-headed hydra
 13863 | Lair:1   | Killed a four-headed hydra
 14164 | Lair:2   | Noticed a five-headed hydra
 14267 | Lair:2   | Killed a five-headed hydra
 14674 | Lair:2   | You fall into a shaft and drop 1 floor!
 14920 | Lair:3   | Found a staircase to the Shoals.
 14996 | Lair:3   | Reached XP level 13. HP: 74/101 MP: 18/26
 15109 | Lair:3   | Found a gate leading to a gauntlet.
 15148 | Gauntlet | Entered a Gauntlet
 15148 | Gauntlet | Found a transporter.
 15199 | Gauntlet | Noticed a great orb of eyes
 15202 | Gauntlet | Found a transporter.
 15204 | Gauntlet | Found a transporter.
 15207 | Gauntlet | Found a transporter.
 15208 | Gauntlet | Found a transporter.
 15210 | Gauntlet | Found a transporter.
 15223 | Gauntlet | Found a transporter.
 15235 | Gauntlet | Found a transporter.
 15253 | Gauntlet | Noticed a green death
 15259 | Gauntlet | Found a transporter.
 15259 | Gauntlet | Found a transporter.
 15261 | Gauntlet | Found a runed translucent door.
 15263 | Gauntlet | Found a runed translucent door.
 15268 | Gauntlet | Found a transporter.
 15298 | Gauntlet | Found a transporter.
 15394 | Gauntlet | Killed a great orb of eyes
 15558 | Gauntlet | Identified the ring "Wuug" {Str+4 SInv}
 15592 | Gauntlet | Noticed a minotaur
 15597 | Gauntlet | Killed a minotaur
 16085 | Lair:2   | Reached skill level 9 in Invocations
 16720 | Lair:4   | Reached skill level 10 in Poison Magic
 16744 | Lair:4   | Learned a level 3 spell: Swiftness
 16833 | Lair:4   | Found a hole to the Spider Nest.
 17433 | Lair:4   | Found the +3 pair of seven-league boots {Rampage+∞}
 17918 | Lair:5   | Found a runed translucent door.
 17934 | Lair:5   | Found a viscous altar of Jiyva.
 17934 | Lair:5   | Found a staircase to the Slime Pits.
 17938 | Lair:5   | Reached skill level 10 in Spellcasting
 18212 | Lair:5   | Identified the +0 chain mail of the Ecumenical Temple {Harm
                  | Rampage}
 18548 | Lair:5   | Reached skill level 10 in Fighting
 18548 | Lair:5   | Reached XP level 14. HP: 107/110 MP: 7/28
 19284 | Lair:5   | Noticed Caath's ghost (journeyman DrFi)
 19458 | Lair:6   | Entered Level 6 of the Lair of Beasts
 20958 | Lair:6   | Reached skill level 10 in Invocations
 23037 | D:13     | Found a gate to the Vaults.
 23274 | D:14     | Reached skill level 10 in Axes
 23274 | D:14     | Reached skill level 10 in Dodging
 23529 | D:14     | Learned a level 4 spell: Olgreb's Toxic Radiance
 23633 | Orc:1    | Entered Level 1 of the Orcish Mines
 23693 | Orc:1    | Reached XP level 15. HP: 117/117 MP: 12/29
 24388 | Orc:2    | Entered Level 2 of the Orcish Mines
 24567 | Orc:2    | Found a staircase to the Elven Halls.
 24592 | Orc:2    | Found a frozen archway.
 24745 | IceCv    | Entered an ice cave
 24751 | IceCv    | Learned a level 4 spell: Flame Wave
 25284 | IceCv    | Identified the ring of the Shrieking Eggfruit {Ice Int+2
                  | Dex+5}
 25409 | IceCv    | Identified the +4 flail of Wuss {flame, Fragile rElec Int+3
                  | Stlth+}
 25852 | Orc:2    | Noticed an orc warlord
 25860 | Orc:2    | Killed an orc warlord
 25861 | Orc:2    | Reached skill level 10 in Short Blades
 25861 | Orc:2    | Reached skill level 10 in Long Blades
 25861 | Orc:2    | Reached skill level 10 in Maces & Flails
 25861 | Orc:2    | Reached skill level 10 in Polearms
 25861 | Orc:2    | Reached skill level 10 in Staves
 25861 | Orc:2    | Reached skill level 10 in Slings
 25861 | Orc:2    | Reached skill level 10 in Bows
 25861 | Orc:2    | Reached skill level 10 in Crossbows
 25861 | Orc:2    | Reached skill level 10 in Throwing
 25861 | Orc:2    | Reached skill level 10 in Armour
 25861 | Orc:2    | Reached skill level 10 in Stealth
 25861 | Orc:2    | Reached skill level 10 in Shields
 25861 | Orc:2    | Reached skill level 10 in Unarmed Combat
 25861 | Orc:2    | Reached skill level 10 in Evocations
 26154 | Orc:2    | Reached skill level 11 in Invocations
 26299 | Orc:2    | Found Xesuci's General Store.
 26300 | Orc:2    | Found Maowk's Jewellery Emporium.
 26302 | Orc:2    | Found Wuuhek's Antique Armour Emporium.
 26302 | Orc:2    | Found Faem's Antique Weapon Shoppe.
 26329 | Orc:2    | Bought a crystal glaive for 368 gold pieces
 26329 | Orc:2    | Identified the +12 glaive "Hydraslayer" {vorpal, *Corrode
                  | Drain rF+++ rN+++ Str+2} (You bought it in a shop on level
                  | 2 of the Orcish Mines)
 26329 | Orc:2    | Bought a crystal hunting sling for 208 gold pieces
 26329 | Orc:2    | Identified the +4 hunting sling "Xeosoe" {vorpal, Str+5}
                  | (You bought it in a shop on level 2 of the Orcish Mines)
 26422 | D:10     | Noticed Gastronok
 26595 | D:9      | Identified 2 scrolls of acquirement
 26595 | D:9      | Acquired a book of the Wilderness
 26605 | D:9      | Learned a level 5 spell: Summon Mana Viper
 26605 | D:9      | Acquired the ring of Coronation {rPois rF+ EV+4 Str+5
                  | Dex-3}
 26651 | D:10     | Killed Gastronok
 26787 | D:10     | Found an ornate altar of the Wu Jian Council.
 26911 | D:10     | Found a blossoming altar of Fedhas.
 27015 | D:10     | Found a faded altar of an unknown god.
 27016 | D:10     | Found a hazy altar of Hepliaklqana.
 27202 | Shoals:1 | Entered Level 1 of the Shoals
 27227 | Shoals:1 | Found Anillopo's Armour Emporium.
 27513 | Shoals:1 | Found a transporter.
 27516 | Shoals:1 | Noticed quokkamancerX's ghost (adept HOFi)
 27517 | Shoals:1 | Found a transporter.
 27797 | Shoals:1 | Noticed a kraken
 28488 | Shoals:2 | Noticed Ilsuiw
 28500 | Shoals:2 | Reached XP level 16. HP: 100/126 MP: 6/31
 28501 | Shoals:2 | Killed Ilsuiw
 28712 | Shoals:2 | Noticed Mlioglotl
 28722 | Shoals:2 | Killed Mlioglotl
 30166 | Shoals:3 | Reached skill level 12 in Invocations
 31025 | Shoals:3 | Identified the +3 leather armour of Loss {rElec rF+}
 31359 | Shoals:4 | Entered Level 4 of the Shoals
 31365 | Shoals:4 | Noticed Bai Suzhen
 31470 | Shoals:4 | Identified the +5 ring mail "Tosam" {rElec rF- Str+6}
 31637 | Shoals:4 | Reached XP level 17. HP: 117/133 MP: 21/33
 32604 | Shoals:4 | Noticed Polyphemus
 32950 | Shoals:4 | Killed Polyphemus
 33563 | Shoals:4 | Got a barnacled rune of Zot
 34114 | D:14     | Found Sieha's Jewellery Emporium.
 34305 | D:14     | Noticed Jorgrun
 34311 | D:14     | Killed Jorgrun
 34748 | D:15     | Entered Level 15 of the Dungeon
 34765 | D:15     | Reached skill level 10 in Conjurations
 34765 | D:15     | Reached skill level 10 in Hexes
 34765 | D:15     | Reached skill level 10 in Summonings
 34765 | D:15     | Reached skill level 10 in Necromancy
 34765 | D:15     | Reached skill level 10 in Translocations
 34765 | D:15     | Reached skill level 10 in Transmutations
 34765 | D:15     | Reached skill level 10 in Fire Magic
 34765 | D:15     | Reached skill level 10 in Ice Magic
 34765 | D:15     | Reached skill level 10 in Air Magic
 34765 | D:15     | Reached skill level 10 in Earth Magic
 35180 | D:15     | Found an iron altar of Okawaru.
 35180 | D:15     | Found a snail-covered altar of Cheibriados.
 35181 | D:15     | Found an ancient bone altar of Kikubaaqudgha.
 35367 | D:15     | Noticed Azrael
 35374 | D:15     | Killed Azrael
 35457 | D:15     | Reached skill level 13 in Invocations
 35584 | D:15     | Found a staircase to the Depths.
 35887 | D:15     | Identified the +4 scimitar of Tuff {spect, rElec rF+ Str-5
                  | Int+4}
 36059 | D:15     | Reached XP level 18. HP: 142/142 MP: 23/35
 36331 | D:15     | Zin protects you from harm!
 37155 | D:15     | Identified the +4 spear of Tasud {holy, Str+7}
 37163 | D:15     | Identified the ring "Sudy" {Str+3 Dex+6 Slay-5}
 37740 | Spider:1 | Entered Level 1 of the Spider Nest
 38157 | Spider:1 | Acquired 854 gold pieces
 39063 | Spider:1 | Identified the +3 quarterstaff "Xeikyg" {freeze, rF+ rC+++
                  | Str+2 Int-2}
 41345 | Spider:3 | Reached XP level 19. HP: 133/150 MP: 21/36
 41985 | Spider:4 | Entered Level 4 of the Spider Nest
 42013 | Spider:4 | Reached skill level 14 in Invocations
 42850 | Spider:4 | Noticed Arachne
 42865 | Spider:4 | HP: 5/151 [Arachne/staff of poison (3)]
 42867 | Spider:4 | Zin protects you from harm!
 42867 | Spider:4 | Slain by a jumping spider

Illustrated notes

Levels and vault maps discovered:
D:1:      wander_arrival_lonely_grave, layout_loops_corners, serial_forest,
          infiniplex_forest_lined_corner, infiniplex_forest_clump_tiny,
          infiniplex_forest_lined_corner, infiniplex_forest_lined_2,
          infiniplex_forest_lined_4_way, infiniplex_forest_clump_small,
          dreamdust_ecumenical_altar_angels_and_demons
D:2:      layout_basic
D:3:      cheibrodos_pilgrimage, layout_loops_ring, serial_shops, shop_fountains
D:4:      layout_rooms, minmay_temple_entry_glass, uniq_sigmund
D:5:      layout_loops_cross, grunt_temple_overflow_opulence,
          grunt_temple_overflow_open, nicolae_ashenzari_skybound,
          kennysheep_generic_room_4, uniq_eustachio, uniq_blork_the_orc
D:6:      layout_basic, trog_book, minmay_holes,
          hangedman_abyss_or_decor_passed, uniq_maggie
D:7:      layout_loops_cross, minmay_misc_feat_square, uniq_harold
D:8:      layout_loops_ring, blue_anna_alchemist
D:9:      layout_rooms, nicolae_water_bricks, nrook_loot_triangle,
          introduction_to_nature_2
D:10:     layout_loops_ring, beargit_hepliaklqana_dungeon_heroes,
          pdpol_wu_jian_five_deadly_venoms, kennysheep_mini, serial_shops,
          shop_statue, uniq_gastronok
D:11:     layout_roguey, dpeg_oklobed_lair,
          kennysheep_orc_monster_closet_entryway, hangedman_decor_diamond_cutter
D:12:     layout_roguey, uniq_fannar
D:13:     layout_rooms, david_vaults_1
D:14:     layout_loops_ring, minmay_hedge_maze, serial_shops,
          nicolae_diamond_shop, uniq_jorgrun
D:15:     hangedman_slaughterboxes, uniq_azrael
Temple:   hc_temple_tempest_star
Lair:1:   layout_regular_city, serial_bayou_shore_a
Lair:2:   layout_cellular_growth, grunt_megastairs_1
Lair:3:   layout_big_grid, shoals_dummy_entry, gauntlet_entry_generic,
          serial_bayou_pond_e, cheibrodos_lair_reptile_den
Lair:4:   layout_hall_layers, spider_nest_entry_a, lookout_lair_type,
          hellmonk_guarded_unrand_seven_league_boots
Lair:5:   layout_cellular_growth, slime_altar_1, ebering_ghost_reflecting_pool
Lair:6:   hangedman_lair_caniforms_friends, layout_cave_pods,
          infiniplex_staircase_pool
Shoals:1: layout_shoals, gammafunk_ghost_arena, serial_shops, shop
Shoals:2: cheibrodos_shoals_satyrical_garden, layout_shoals, uniq_mlioglotl,
          uniq_ilsuiw
Shoals:3: layout_shoals
Shoals:4: shoals_end_grunt_garden, layout_shoals, nicolae_shoals_undead_eyrie,
          uniq_bai_suzhen, uniq_polyphemus
Spider:1: nicolae_spider_mines_2
Spider:2: layout_chambers, hangedman_spider_tarantella_strand
Spider:3: layout_spider_delve
Spider:4: johnstein_spider_rune_arachne_lair
Orc:1:    layout_caves, mines_bat_river
Orc:2:    st_orc_congregation, layout_caves, portal_ice_cave_entry_ice_simulacra

Skill      XL: |  1  2  3  4  5  6  7  8  9 10 11 12 13 14 15 16 17 18 19 |
---------------+----------------------------------------------------------+-----
Spellcasting   | 5 6 7 8 9 10 11 12 13 | 13.8
Invocations    | 1 2 3 4 5 6 7 8 9 10 11 12 13 14 | 14.1
Short Blades   | 1 2 3 4 5 6 7 8 9 10 11 12 13 | 13.0
Long Blades    | 1 2 3 4 5 6 7 8 9 10 11 12 13 | 13.0
Maces & Flails | 1 2 3 4 5 6 7 8 9 10 11 12 13 | 13.0
Polearms       | 1 2 3 4 5 6 7 8 9 10 11 12 13 | 13.0
Staves         | 1 2 3 4 5 6 7 8 9 10 11 12 13 | 13.0
Slings         | 1 2 3 4 5 6 7 8 9 10 11 12 13 | 13.0
Bows           | 1 2 3 4 5 6 7 8 9 10 11 12 13 | 13.0
Crossbows      | 1 2 3 4 5 6 7 8 9 10 11 12 13 | 13.0
Throwing       | 1 2 3 4 5 6 7 8 9 10 11 12 13 | 13.0
Armour         | 1 2 3 4 5 6 7 8 9 10 11 12 13 | 13.0
Stealth        | 1 2 3 4 5 6 7 8 9 10 11 12 13 | 13.0
Shields        | 1 2 3 4 5 6 7 8 9 10 11 12 13 | 13.0
Unarmed Combat | 1 2 3 4 5 6 7 8 9 10 11 12 13 | 13.0
Evocations     | 1 2 3 4 5 6 7 8 9 10 11 12 13 | 13.0
Conjurations   | 1 2 3 4 5 6 7 8 9 10 11 | 11.0
Hexes          | 1 2 3 4 5 6 7 8 9 10 11 | 11.0
Summonings     | 1 2 3 4 5 6 7 8 9 10 11 | 11.0
Necromancy     | 1 2 3 4 5 6 7 8 9 10 11 | 11.0
Translocations | 1 2 3 4 5 6 7 8 9 10 11 | 11.0
Transmutations | 1 2 3 4 5 6 7 8 9 10 11 | 11.0
Fire Magic     | 1 2 3 4 5 6 7 8 9 10 11 | 11.0
Ice Magic      | 1 2 3 4 5 6 7 8 9 10 11 | 11.0
Air Magic      | 1 2 3 4 5 6 7 8 9 10 11 | 11.0
Earth Magic    | 1 2 3 4 5 6 7 8 9 10 11 | 11.0
Axes           | 3 4 5 6 7 8 9 10 11 12 13 | 13.2
Dodging        | 3 4 5 6 7 8 9 10 11 12 13 | 13.2
Fighting       | 5 6 7 8 9 10 11 12 13 | 13.7
Poison Magic   | 8 9 10 11 12 13 | 13.0

Action                   |  1- 3 |  4- 6 |  7- 9 | 10-12 | 13-15 | 16-18 | 19-21 || total
-------------------------+-------+-------+-------+-------+-------+-------+-------++-------
Melee: Hand axe          |    71 |    55 |     9 |       |       |       |       ||   135
       Bite              |     5 |     1 |    21 |    48 |    70 |    43 |    15 ||   203
       Punch             |       |     2 |       |       |       |       |       ||     2
       Morningstar       |       |       |    41 |    12 |       |       |       ||    53
       Dire flail        |       |       |   147 |   376 |    71 |       |       ||   594
       Glaive            |       |       |       |       |   537 |   419 |    72 ||  1028
 Fire: Hunting sling     |       |       |       |       |     4 |       |       ||     4
Throw: Javelin           |       |       |       |       |     3 |    13 |       ||    16
 Cast: Sting             |    44 |    46 |    28 |    49 |   103 |     8 |    10 ||   288
       Poisonous Vapours |       |     3 |    46 |   127 |   286 |   361 |    27 ||   850
       Ignite Poison     |       |       |     7 |    62 |   135 |   186 |    20 ||   410
       Swiftness         |       |       |       |       |     2 |     2 |       ||     4
       Olgreb's Toxic Ra |       |       |       |       |    22 |    40 |     5 ||    67
       Flame Wave        |       |       |       |       |    11 |    22 |       ||    33
       Summon Mana Viper |       |       |       |       |     3 |    11 |     1 ||    15
Invok: Recite            |       |       |       |     1 |     1 |     2 |       ||     4
Evoke: Wand              |       |     2 |     3 |    22 |     9 |       |       ||    36
       Lightning rod     |       |       |       |       |       |     7 |     3 ||    10
       Phial of floods   |       |       |       |       |       |     1 |       ||     1
  Use: Scroll            |       |       |     4 |    11 |    11 |    11 |     4 ||    41
       Potion            |       |       |     3 |     1 |     5 |     5 |     2 ||    16
 Stab: Sleeping          |       |       |     4 |     6 |     3 |     2 |       ||    15
       Distracted        |       |       |       |       |     1 |     2 |       ||     3
Armor: Robe              |    27 |    19 |     7 |       |       |       |       ||    53
       Ring mail         |       |       |   105 |   177 |    56 |   436 |    72 ||   846
       Acid dragon scale |       |       |       |     5 |       |    29 |       ||    34
       Scale mail        |       |       |       |    61 |   495 |       |       ||   556
Dodge: Dodged            |    78 |    58 |   149 |   345 |   713 |   662 |   120 ||  2125
Block: Tower shield      |       |       |       |    25 |       |       |       ||    25
